 Dungeon Crawl Stone Soup version 0.27.1-33-g824d729ab1 (webtiles) character file.

Game seed: 3414661498480708128

734 Grabarz the Skirmisher (level 7, -4/63 HPs)
             Began as a Palentonga Berserker on Dec 13, 2021.
             Was a Believer of Trog.
             Slain by a wyvern skeleton (12 damage)
             ... on level 5 of the Dungeon.
             The game lasted 00:26:27 (4907 turns).

Grabarz the Skirmisher (Palentonga Berserker)       Turns: 4907, Time: 00:26:27

Health: -4/63      AC: 12    Str: 22    XL:     7   Next: 45%
Magic:  7/7        EV:  9    Int:  8    God:    Trog [**....]
Gold:   157        SH:  0    Dex:  9    Spells: 6/6 levels left

rFire    . . .     SeeInvis +   a - +1 spear
rCold    . . .     Faith    .   (no shield)
rNeg     . . .     Spirit   .   b - +1 animal skin
rPois    .         Reflect  .   (no helmet)
rElec    .         Harm     .   (no cloak)
rCorr    .         Rampage  .   (no gloves)
Will     .....                  (no barding)
Stlth    +.........             (no amulet)
HPRegen  0.20/turn              (no ring)
MPRegen  0.10/turn              (no ring)

@: on berserk cooldown, slowed, curled up, very slow
A: large, rugged brown scales 3, see invisible, deformed body, roll 1, armoured
tail, reflexive curl
a: Rolling Charge, Renounce Religion, Berserk, Trog's Hand


You were on level 5 of the Dungeon.
You worshipped Trog.
Trog was pleased with you.
You visited 1 branch of the dungeon, and saw 5 of its levels.

You collected 157 gold pieces.

Inventory:

Hand Weapons
 a - a +1 spear (weapon)
Armour
 b - a +1 animal skin (worn)
Jewellery
 g - a ring of fire
Wands
 h - a wand of digging (6)
 k - a wand of polymorph (5)
Scrolls
 d - a scroll of summoning {unknown}
Potions
 c - a potion of resistance
 e - a potion of lignification
 f - a potion of heal wounds
 i - a potion of flight {unknown}
 o - a potion of berserk rage {unknown}


   Skills:
 + Level 6.6 Fighting
 + Level 6.0 Polearms
 - Level 1.5 Armour
 - Level 1.5 Dodging


You had 6 spell levels left.
You didn't know any spells.
Your spell library was empty.

Dungeon Overview and Level Annotations

Branches:
Dungeon (5/15)
 Temple: D:4-7

Altars:
Cheibriados
Hepliaklqana
Qazlal
Wu Jian
Yredelemnul

Shops:
D:3 :


Innate Abilities, Weirdness & Mutations

You are completely covered in rugged brown scales. (AC +3, +7% HP)
You have supernaturally acute eyesight. (SInv)
Armour fits poorly on your strangely shaped body.
You can roll at nearby foes to attack.
You have a long armoured tail.
You curl defensively after being hit.


Message History

You feel sick. The hound zombie closely misses you.
You puncture the hound zombie!
The hound zombie is severely damaged.
You feel sick. The hound zombie barely misses you.
You hit the hound zombie.
The hound zombie is almost destroyed.
You feel sick. The hound zombie bites you.
* * * LOW HITPOINT WARNING * * *
You impale the hound zombie!!
You destroy the hound zombie!
Trog accepts your kill.
You are no longer berserk.
You are exhausted.
You feel yourself slow down.
Your Polearms skill increases to level 6!
Your skin crawls.
You feel strong-willed.
You hear the slow hiss of a distant avalanche of sand.
You feel sick.
You start resting.
You feel sick.
You feel the effects of Trog's Hand fading.
You feel sick.
A wyvern skeleton comes into view.
You feel sick.
You are no longer poisoned.
Your skin stops crawling.
You feel less strong-willed.
You hit the wyvern skeleton.
The wyvern skeleton is lightly damaged.
The wyvern skeleton bites you.
* * * LOW HITPOINT WARNING * * *
You hit the wyvern skeleton.
The wyvern skeleton is moderately damaged.
The wyvern skeleton bites you.
* * * LOW HITPOINT WARNING * * *
The wyvern skeleton completely misses you.
You hit the wyvern skeleton.
Your tail-slap misses the wyvern skeleton.
The wyvern skeleton is moderately damaged.
The wyvern skeleton closely misses you. The wyvern skeleton bites you!
You die...

.# ##........## ..#
#..........# #. ...
#..........# ..#
#.##..........# #.# ######
#....>........# #.# #....#
#.....†.....# #.# #.)..#
##..........## #.#
#....####Z...........#
####.###....##..@#..........#
...............###..........#
............#### #..........#
###..#...<..# #..........#
.###........# ##........##
............# ##......##
..######....# ####### .##
#...... .# ###....


You could see a wyvern skeleton.

Vanquished Creatures
  Grinder (D:3)
  A water moccasin (D:5)
  An ogre (D:4)
  A centaur (D:3)
  A water moccasin skeleton (D:4)
  A centaur skeleton (D:5)
  An orc priest (D:4)
  Ijyb (D:3)
  Jessica (D:3)
  A hound zombie (D:5)
  4 adders
  2 worms
  8 orcs
  7 ball pythons
  5 endoplasms
  2 giant cockroaches
  3 goblins
  5 hobgoblins
  5 quokkas
  5 bats
  6 frilled lizards
  10 kobolds
  A rat (D:3)
73 creatures vanquished.

Notes
Turn   | Place    | Note
-------+----------+-------------------------------------------
     0 | D:1      | Grabarz the Palentonga Berserker began the quest for the
                  | Orb.
     0 | D:1      | Reached XP level 1. HP: 19/19 MP: 1/1
   257 | D:1      | Reached XP level 2. HP: 25/25 MP: 2/2
   958 | D:2      | Reached XP level 3. HP: 25/31 MP: 3/3
   958 | D:2      | Reached ** piety under Trog
  1236 | D:2      | Found a faded altar of an unknown god.
  1530 | D:3      | Found Aveqo's Book Emporium.
  1552 | D:3      | Noticed Grinder
  1552 | D:3      | Noticed a centaur
  1907 | D:3      | Noticed Jessica
  1923 | D:3      | Killed Jessica
  1924 | D:3      | Reached XP level 4. HP: 39/39 MP: 4/4
  2288 | D:3      | Noticed Ijyb
  2298 | D:3      | Killed Ijyb
  2488 | D:3      | Paralysed by Grinder for 4 turns
  2494 | D:3      | Killed Grinder
  2495 | D:3      | Reached skill level 5 in Fighting
  2495 | D:3      | Reached XP level 5. HP: 38/47 MP: 5/5
  2495 | D:3      | Reached XP level 6. HP: 43/54 MP: 6/6
  2738 | D:3      | Found a stormy altar of Qazlal.
  2740 | D:3      | Found a hazy altar of Hepliaklqana.
  2824 | D:3      | Reached skill level 5 in Polearms
  3828 | D:4      | Gained mutation: You curl defensively after being hit.
                  | [Palentonga growth]
  3828 | D:4      | Reached XP level 7. HP: 54/62 MP: 7/7
  4667 | D:4      | Found a snail-covered altar of Cheibriados.
  4670 | D:4      | Found an ornate altar of the Wu Jian Council.
  4674 | D:4      | Found a basalt altar of Yredelemnul.
  4838 | D:5      | Entered Level 5 of the Dungeon
  4907 | D:5      | Slain by a wyvern skeleton

Illustrated notes

Levels and vault maps discovered:
D:1:      dpeg_arrival_fog, layout_loops_ring
D:2:      layout_basic, shapermc_ecumenical_altar_pompeii, minmay_hexomino_p4
D:3:      layout_basic, minitemple, serial_shops, nicolae_square_shop,
          uniq_ijyb, uniq_jessica, uniq_grinder
D:4:      layout_loops_ring, grunt_temple_overflow_diamond
D:5:      layout_rooms, gup_ossuary_entry_pyramid,
          hangedman_abyss_or_decor_lesser_grid

Skill      XL: |  1  2  3  4  5  6  7 |
---------------+----------------------+-----
Polearms       | 3 4 5 6 |  6.0
Fighting       | 4 5 6 |  6.6
Armour         | |  1.5
Dodging        | |  1.5

Action                   |  1- 3 |  4- 6 |  7- 9 || total
-------------------------+-------+-------+-------++-------
Melee: Spear             |   139 |    74 |    61 ||   274
       Tailslap          |     5 |     9 |     5 ||    19
       Unarmed           |       |     3 |       ||     3
Invok: Berserk           |     4 |     5 |     3 ||    12
       Trog's Hand       |       |       |     1 ||     1
 Abil: Rolling Charge    |    28 |    13 |     6 ||    47
  Use: Scroll            |     7 |     6 |       ||    13
Armor: Animal skin       |    49 |    18 |    10 ||    77
       Skin              |       |     1 |       ||     1
Dodge: Dodged            |    39 |    38 |    14 ||    91
